 Dungeon Crawl Stone Soup version 0.23.0-3-gf3c87f2 (webtiles) character file.

Game seed: 9284872921045189573

3911 xccam the Nimble (level 10, 0/77 HPs)
             Began as a Gnoll Gladiator on Feb 22, 2019.
             Was a Believer of Ru.
             Slain by Gastronok (24 damage)
             ... on level 8 of the Dungeon.
             The game lasted 00:18:13 (8533 turns).

xccam the Nimble (Gnoll Gladiator)                  Turns: 8533, Time: 00:18:14

Health: 0/77       AC: 23    Str: 18    XL:     10   Next: 20%
Magic:  17/17      EV: 14    Int: 12    God:    Ru [**....]
Gold:   363        SH:  6    Dex: 17    Spells: 19/19 levels left

rFire    . . .     SeeInvis .   e - +0 flail (protect)
rCold    . . .     Gourm    .   l - +0 buckler
rNeg     . . .     Faith    .   v - +0 chain mail
rPois    +         Spirit   .   c - +0 helmet
rElec    .         Reflect  .   d - +1 cloak
rCorr    .         Harm     .   w - +1 pair of gloves
MR       .....                  t - +0 pair of boots
Stlth    ..........             (no amulet)
HPRegen  0.22/turn              k - ring of poison resistance
MPRegen  0.15/turn              j - +2 ring of evasion

@: protection aura, hasted, very quick
A: distributed training, fangs 1, inability to use devices, strong nose
a: Renounce Religion


You were on level 8 of the Dungeon.
You worshipped Ru.
Ru was pleased with you.
You were not hungry.

You visited 2 branches of the dungeon, and saw 9 of its levels.
You also visited: Bailey.

You collected 561 gold pieces.
You spent 198 gold pieces at shops.

Inventory:

Hand Weapons
 e - a +0 flail of protection (weapon)
 s - a +0 war axe
 C - a +0 halberd
 D - a +0 arbalest
Missiles
 h - 53 stones (quivered)
Armour
 c - a +0 helmet (worn)
 d - a +1 cloak (worn)
 l - a +0 buckler (worn)
 o - a scarf of spirit shield
 t - a +0 pair of boots (worn)
 v - a +0 chain mail (worn)
 w - a +1 pair of gloves (worn)
Jewellery
 j - a +2 ring of evasion (right hand)
 k - a ring of poison resistance (left hand)
 m - an uncursed ring of wizardry
 r - an uncursed ring of resist corrosion
Scrolls
 a - 2 scrolls of noise {unknown}
 b - a scroll of enchant armour {unknown}
 g - 2 scrolls of amnesia
 i - 2 scrolls of fear
 n - 2 scrolls of enchant weapon
 p - a scroll of magic mapping
 q - 3 scrolls of remove curse
 y - a scroll of immolation
 A - a scroll of identify
Potions
 u - a potion of haste
 x - a potion of curing
 z - a potion of lignification
Comestibles
 f - 19 rations


   Skills:
 + Level 6.8 Fighting
 + Level 5.0 Short Blades
 + Level 5.0 Long Blades
 + Level 5.0 Axes
 + Level 8.3 Maces & Flails
 + Level 5.0 Polearms
 + Level 5.0 Staves
 + Level 5.0 Slings
 + Level 5.0 Bows
 + Level 5.0 Crossbows
 + Level 6.8 Throwing
 + Level 5.0 Armour
 + Level 8.3 Dodging
 + Level 5.0 Stealth
 + Level 5.0 Shields
 + Level 5.0 Unarmed Combat
 + Level 5.0 Spellcasting
 + Level 4.1 Conjurations
 + Level 4.1 Hexes
 + Level 4.1 Charms
 + Level 4.1 Summonings
 + Level 4.1 Necromancy
 + Level 4.1 Translocations
 + Level 4.1 Transmutations
 + Level 4.1 Fire Magic
 + Level 4.1 Ice Magic
 + Level 4.1 Air Magic
 + Level 4.1 Earth Magic
 + Level 4.1 Poison Magic
 + Level 5.4 Invocations
   Level 0.0 Evocations


You had 19 spell levels left.
You didn't know any spells.
Your spell library contained the following spells:

 Spells                   Type           Power        Failure   Level  Hunger
 Flame Tongue             Conj/Fire      ##...        41%         1    None
 Freeze                   Ice            ##..         41%         1    None
 Magic Dart               Conj           ##..         41%         1    None
 Searing Ray              Conj           ##....       54%         2    ##.....
 Throw Flame              Conj/Fire      ##....       54%         2    ##.....
 Throw Frost              Conj/Ice       ##....       54%         2    ##.....
 Conjure Flame            Conj/Fire      ##......     78%         3    ###....
 Dazzling Spray           Conj/Hex       ##....       78%         3    ###....
 Inner Flame              Hex/Fire       ##......     78%         3    ###....
 Ozocubu's Armour         Chrm/Ice       ##......     78%         3    ###....
 Force Lance              Conj/Tloc      ##......     99%         4    ####...
 Fulminant Prism          Conj/Hex       ##........   99%         4    ####...
 Iskenderun's Mystic Bla  Conj           ##......     99%         4    ####...
 Sticky Flame             Conj/Fire      ##......     99%         4    ####...
 Summon Ice Beast         Ice/Summ       ##......     99%         4    ####...
 Throw Icicle             Conj/Ice       ##......     99%         4    ####...
 Fireball                 Conj/Fire      ##........   100%        5    ######.


Dungeon Overview and Level Annotations

Branches:
Dungeon (8/15)             Temple (1/1) D:6
   Lair: D:8-11

Altars:
Ashenzari
Cheibriados
Elyvilon
Fedhas
Gozag
Kikubaaqudgha
Nemelex Xobeh
Okawaru
Qazlal
Ru
Sif Muna
Uskayaw
Vehumet
Xom
Yredelemnul
Zin
The Shining One

Shops:
D:6 *

Annotations:
D:8 Gastronok


Innate Abilities, Weirdness & Mutations

Your experience applies equally to all skills.
You have very sharp teeth.
You cannot study or use magical devices.
Your uncanny sense of smell can sniff out nearby items.


Message History

Gastronok is severely wounded.
You feel yourself speed up. Gastronok misses you.
Gastronok begins to cast a spell, but is stunned by your will!
You hit Gastronok but do no damage.
Your weapon exudes an aura of protection.
You bite Gastronok, but do no damage.
Gastronok is severely wounded.
You hit Gastronok. You bite Gastronok, but do no damage.
Gastronok is severely wounded.
Gastronok's eyestalks stretch out, then return to normal size.
You hit Gastronok but do no damage.
Gastronok is severely wounded.
You sock Gastronok! You bite Gastronok, but do no damage.
Gastronok is severely wounded.
You hit Gastronok but do no damage. You bite Gastronok, but do no damage.
Gastronok is severely wounded.
Gastronok's mouth opens, radula flailing wildly.
You redirect Gastronok's attack!
Gastronok bites you!!
You die...

############
###...........
#.......###...
#.#.##### #.#.
#.#.# #.#. ###
#.#.# #)#.
##.###.#.#
#####.#.
#......#.#
#.......
##@#####.#
#......# #w#
#.# #..##.#.
#.# #.#
#..*#.#. #†#
*,* #.∆*#.#.
#.# *,*
#.,*#.#.
#.#****,*
#,,*#...
#.#,,,,,*
#.,*##..
#..,,****
#.,###..
**#...,,**
#..#....


You could see Gastronok.

Vanquished Creatures
  An orc knight (Bailey)
  Prince Ribbit (D:7)
  A hippogriff (D:7)
  Sigmund (D:3)
  A hungry ghost (D:8)
  Edmund (D:5)
  A water moccasin (D:5)
  3 orc warriors (Bailey)
  A black bear (D:7)
  An ice beast (D:7)
  A necrophage (D:5)
  A centaur (D:5)
  2 ogres
  A crocodile (D:8)
  2 big kobolds
  A scorpion (D:7)
  5 killer bees (D:7)
  6 wights (D:6)
  A howler monkey (D:6)
  4 crimson imps
  A bullfrog zombie (D:5)
  2 hounds
  A jelly (D:6)
  4 orc priests
  2 centaur skeletons
  2 iguanas
  Natasha (D:3)
  Terence (D:2)
  6 orc wizards
  5 worker ants
  A killer bee zombie (D:5)
  A worker ant zombie (D:4)
  A howler monkey skeleton (D:5)
  4 adders
  2 shadow imps
  2 adder zombies
  An adder skeleton (D:7)
  4 worms
  4 leopard geckos
  16 orcs
  2 ball pythons
  5 giant cockroaches
  6 hobgoblins
  17 jackals
  10 kobolds
  3 quokkas
  6 bats
  7 frilled lizards
  7 goblins
  2 jackal skeletons
  7 rats
169 creatures vanquished.

Vanquished Creatures (others)
  An orc warrior (Bailey)
1 creature vanquished.

Grand Total: 170 creatures vanquished

Notes
Turn   | Place    | Note
-------+----------+-------------------------------------------
     0 | D:1      | xccam the Gnoll Gladiator began the quest for the Orb.
     0 | D:1      | Reached XP level 1. HP: 20/20 MP: 1/1
   108 | D:1      | Reached XP level 2. HP: 26/26 MP: 2/2
   745 | D:2      | Reached XP level 3. HP: 30/31 MP: 3/3
   882 | D:2      | Found an opulent altar of Gozag.
   980 | D:2      | Noticed Terence
   994 | D:2      | Killed Terence
   994 | D:2      | Reached skill level 1 in Short Blades
   994 | D:2      | Reached skill level 1 in Long Blades
   994 | D:2      | Reached skill level 1 in Axes
   994 | D:2      | Reached skill level 1 in Polearms
   994 | D:2      | Reached skill level 1 in Staves
   994 | D:2      | Reached skill level 1 in Slings
   994 | D:2      | Reached skill level 1 in Bows
   994 | D:2      | Reached skill level 1 in Crossbows
   994 | D:2      | Reached skill level 1 in Armour
   994 | D:2      | Reached skill level 1 in Stealth
   994 | D:2      | Reached skill level 1 in Shields
   994 | D:2      | Reached skill level 1 in Unarmed Combat
   994 | D:2      | Reached skill level 1 in Spellcasting
   994 | D:2      | Reached skill level 1 in Invocations
   994 | D:2      | Reached skill level 1 in Evocations
  1001 | D:2      | Reached XP level 4. HP: 26/38 MP: 3/5
  1569 | D:3      | Reached skill level 1 in Conjurations
  1569 | D:3      | Reached skill level 1 in Hexes
  1569 | D:3      | Reached skill level 1 in Charms
  1569 | D:3      | Reached skill level 1 in Summonings
  1569 | D:3      | Reached skill level 1 in Necromancy
  1569 | D:3      | Reached skill level 1 in Translocations
  1569 | D:3      | Reached skill level 1 in Transmutations
  1569 | D:3      | Reached skill level 1 in Fire Magic
  1569 | D:3      | Reached skill level 1 in Ice Magic
  1569 | D:3      | Reached skill level 1 in Air Magic
  1569 | D:3      | Reached skill level 1 in Earth Magic
  1569 | D:3      | Reached skill level 1 in Poison Magic
  1668 | D:3      | Reached XP level 5. HP: 27/43 MP: 3/6
  1817 | D:3      | Noticed Sigmund
  1877 | D:3      | Killed Sigmund
  1877 | D:3      | Reached skill level 5 in Fighting
  1877 | D:3      | Reached skill level 5 in Throwing
  1877 | D:3      | Reached XP level 6. HP: 24/51 MP: 7/9
  2036 | D:3      | Noticed Natasha
  2046 | D:3      | Killed Natasha
  2244 | D:4      | Reached XP level 7. HP: 39/56 MP: 10/10
  2420 | D:4      | Found a shattered altar of Ashenzari.
  3194 | D:5      | Entered Level 5 of the Dungeon
  3303 | D:5      | Reached XP level 8. HP: 63/63 MP: 12/12
  3785 | D:5      | Noticed Edmund
  3815 | D:5      | Killed Edmund
  4349 | D:6      | Found a staircase to the Ecumenical Temple.
  4362 | Temple   | Entered the Ecumenical Temple
  4383 | Temple   | Became a worshipper of Ru the Awakened
  4610 | D:6      | Found a deep blue altar of Sif Muna.
  4730 | D:6      | Reached XP level 9. HP: 69/69 MP: 14/14
  4802 | D:6      | Found a white marble altar of Elyvilon.
  4963 | D:6      | Found Qurargh's General Store.
  4971 | D:6      | Bought a potion of curing for 36 gold pieces
  4971 | D:6      | Bought a scroll of enchant weapon for 90 gold pieces
  4971 | D:6      | Bought 2 potions of lignification for 72 gold pieces
  5306 | D:7      | Gained mutation: You cannot study or use magical devices.
                  | [Ru sacrifice]
  5306 | D:7      | Reached * piety under Ru
  5306 | D:7      | Reached ** piety under Ru
  5326 | D:7      | Noticed Prince Ribbit
  5395 | D:7      | Killed Prince Ribbit
  5401 | D:7      | Found a sparkling altar of Nemelex Xobeh.
  6148 | D:8      | Found a flagged portal.
  6156 | Bailey   | Entered a bailey
  6156 | Bailey   | Noticed an orc knight
  6162 | Bailey   | Noticed an orc knight
  6180 | Bailey   | HP: 3/71 [orc warrior (12)]
  6185 | Bailey   | Reached skill level 5 in Invocations
  7022 | Bailey   | Killed an orc knight
  7022 | Bailey   | Reached XP level 10. HP: 77/77 MP: 15/17
  7763 | Bailey   | Noticed an orc knight
  8479 | D:8      | Noticed Gastronok
  8490 | D:8      | Reached skill level 5 in Short Blades
  8490 | D:8      | Reached skill level 5 in Long Blades
  8490 | D:8      | Reached skill level 5 in Axes
  8490 | D:8      | Reached skill level 5 in Polearms
  8490 | D:8      | Reached skill level 5 in Staves
  8490 | D:8      | Reached skill level 5 in Slings
  8490 | D:8      | Reached skill level 5 in Bows
  8490 | D:8      | Reached skill level 5 in Crossbows
  8490 | D:8      | Reached skill level 5 in Armour
  8490 | D:8      | Reached skill level 5 in Stealth
  8490 | D:8      | Reached skill level 5 in Shields
  8490 | D:8      | Reached skill level 5 in Unarmed Combat
  8490 | D:8      | Reached skill level 5 in Spellcasting
  8533 | D:8      | Slain by Gastronok

Skill      XL: |  1  2  3  4  5  6  7  8  9 10 |
---------------+-------------------------------+-----
Short Blades   | 1 2 3 4 5 |  5.0
Long Blades    | 1 2 3 4 5 |  5.0
Axes           | 1 2 3 4 5 |  5.0
Polearms       | 1 2 3 4 5 |  5.0
Staves         | 1 2 3 4 5 |  5.0
Slings         | 1 2 3 4 5 |  5.0
Bows           | 1 2 3 4 5 |  5.0
Crossbows      | 1 2 3 4 5 |  5.0
Armour         | 1 2 3 4 5 |  5.0
Stealth        | 1 2 3 4 5 |  5.0
Shields        | 1 2 3 4 5 |  5.0
Unarmed Combat | 1 2 3 4 5 |  5.0
Spellcasting   | 1 2 3 4 5 |  5.0
Invocations    | 1 2 3 4 5 |  5.4
Evocations     | 1 2 3 0 |  0.0
Conjurations   | 1 2 3 4 |  4.1
Hexes          | 1 2 3 4 |  4.1
Charms         | 1 2 3 4 |  4.1
Summonings     | 1 2 3 4 |  4.1
Necromancy     | 1 2 3 4 |  4.1
Translocations | 1 2 3 4 |  4.1
Transmutations | 1 2 3 4 |  4.1
Fire Magic     | 1 2 3 4 |  4.1
Ice Magic      | 1 2 3 4 |  4.1
Air Magic      | 1 2 3 4 |  4.1
Earth Magic    | 1 2 3 4 |  4.1
Poison Magic   | 1 2 3 4 |  4.1
Fighting       | 5 6 |  6.8
Throwing       | 5 6 |  6.8
Maces & Flails | 7 8 |  8.3
Dodging        | 7 8 |  8.3

Action                   |  1- 3 |  4- 6 |  7- 9 | 10-12 || total
-------------------------+-------+-------+-------+-------++-------
Melee: Flail             |    79 |   170 |   472 |   123 ||   844
       Bite              |     4 |    25 |    74 |    19 ||   122
       Halberd           |       |       |     2 |    24 ||    26
       Punch             |       |       |       |     1 ||     1
 Fire: Arbalest          |       |       |    43 |     4 ||    47
Throw: Javelin           |       |       |    10 |       ||    10
       Stone             |       |       |     8 |       ||     8
Invok: Sacrifice Artific |       |       |     1 |       ||     1
Evoke: Wand              |       |       |     1 |       ||     1
  Use: Potion            |       |     7 |     5 |     1 ||    13
       Scroll            |       |     3 |     5 |       ||     8
 Stab: Sleeping          |     1 |     3 |     3 |       ||     7
       Distracted        |       |       |     1 |       ||     1
  Eat: Chunk             |       |     4 |    10 |     3 ||    17
       Ration            |       |       |     2 |     1 ||     3
Armor: Leather armour    |    16 |    29 |    15 |       ||    60
       Skin              |       |    18 |     1 |       ||    19
       Chain mail        |       |       |   150 |    42 ||   192
Dodge: Dodged            |    73 |   114 |   258 |    63 ||   508
Block: Buckler           |     9 |    32 |   115 |    21 ||   177
